 Dungeon Crawl Stone Soup version 0.27.1-34-g3ba077fa99 (webtiles) character file.

Game seed: 16522930818815057748

2514 boopmooplesden the Basher (level 9, -1/77 (79) HPs)
             Began as a Minotaur Fighter on Jan 9, 2022.
             Was an Initiate of Okawaru.
             Succumbed to an orc's poison
             ... on level 8 of the Dungeon.
             The game lasted 00:08:48 (9255 turns).

boopmooplesden the Basher (Minotaur Fighter)        Turns: 9255, Time: 00:08:49

HP:   -1/77 (79)    AC: 10    Str: 22    XL:     9   Next: 29%
MP:   8/8           EV:  7    Int:  5    God:    Okawaru [......]
Gold: 415           SH: 11    Dex: 12    Spells: 8/8 levels left

rFire    . . .     SeeInvis .   g - +1 flail (holy)
rCold    . . .     Faith    .   c - +0 kite shield
rNeg     . . .     Spirit   .   i - +0 chain mail
rPois    .         Reflect  .   (helmet restricted)
rElec    .         Harm     .   (no cloak)
rCorr    +         Rampage  .   (no gloves)
Will     +....                  (no boots)
Stlth    ..........             (no amulet)
HPRegen  0.22/turn              p - ring of willpower
MPRegen  0.11/turn              f - ring of resist corrosion

@: lethally poisoned (-1 -> -8), lightly drained
A: horns 2, retaliatory headbutt
a: Renounce Religion


You were on level 8 of the Dungeon.
You worshipped Okawaru.
Okawaru was noncommittal.
You visited 2 branches of the dungeon, and saw 9 of its levels.

You collected 415 gold pieces.

Inventory:

Hand Weapons
 a - a +1 flail
 g - a +1 flail of holy wrath (weapon)
Armour
 b - a +0 scale mail
 c - a +0 kite shield (worn)
 i - a +0 chain mail (worn)
Jewellery
 f - a ring of resist corrosion (right hand)
 l - an amulet of guardian spirit
 p - a ring of willpower (left hand)
 r - a ring of willpower
Wands
 k - a wand of flame (73)
 w - a wand of iceblast (7)
 x - a wand of mindburst (17)
Scrolls
 h - 3 scrolls of identify
 n - 3 scrolls of fear
 q - a scroll of teleportation
 v - a scroll of amnesia
 y - a scroll of brand weapon {unknown}
 C - a scroll of holy word {unknown}
Potions
 d - a potion of might
 e - 5 potions of haste {unknown}
 j - a potion of flight {unknown}
 m - a potion of curing
 o - 3 potions of heal wounds {unknown}
 s - a potion of resistance {unknown}
 t - a potion of cancellation {unknown}
 u - a potion of attraction {unknown}
 z - 2 potions of lignification {unknown}
 A - a potion of brilliance {unknown}
 B - a potion of ambrosia {unknown}


   Skills:
 + Level 7.1 Fighting
 + Level 9.0 Maces & Flails
 + Level 7.9 Armour
 + Level 3.0 Dodging
 + Level 0.3 Stealth
 + Level 8.0 Shields
 + Level 0.1 Evocations


You had 8 spell levels left.
You didn't know any spells.
Your spell library contained the following spells:

 Spells                   Type           Power      Damage    Failure   Level
 Animate Skeleton         Necr           0%         N/A       100%        1
 Magic Dart               Conj           0%         1d3       100%        1
 Pain                     Necr           0%         1d4       100%        1
 Call Imp                 Summ           0%         N/A       100%        2
 Mephitic Cloud           Conj/Pois/Air  0%         N/A       100%        3
 Stone Arrow              Conj/Erth      0%         3d7       100%        3
 Vampiric Draining        Necr           0%         2d6       100%        3
 Bolt of Magma            Conj/Fire/Erth 0%         4d4       100%        5
 Fireball                 Conj/Fire      0%         3d3       100%        5
 Iskenderun's Battlesphe  Conj           0%         2d6       100%        5
 Conjure Ball Lightning   Conj/Air       0%         3x3d6     100%        6
 Orb of Destruction       Conj           0%         N/A       100%        7
 Borgnjor's Revivificati  Necr           0%         N/A       100%        8
 Necromutation            Tmut/Necr      0%         N/A       100%        8
 Death's Door             Necr           0%         N/A       100%        9
 Shatter                  Erth           0%         3d5*      100%        9


Dungeon Overview and Level Annotations

Branches:
Dungeon (8/15)             Temple (1/1) D:7
   Lair: D:8-11

Altars:
Ashenzari
Cheibriados
Dithmenos
Elyvilon
Fedhas
Gozag
Hepliaklqana
Kikubaaqudgha
Nemelex Xobeh
Okawaru
Qazlal
Ru
Sif Muna
Uskayaw
Vehumet
Wu Jian
Xom
Zin
The Shining One

Shops:
D:3 (   D:4 :   D:7 *

Annotations:
D:8 Erica


Innate Abilities, Weirdness & Mutations

You have a pair of horns on your head.
You reflexively headbutt those who attack you in melee.


Message History

You barely miss Erica. Your headbutt misses Erica.
Erica casts a spell.
Erica flickers and vanishes!
Deactivating autopickup; reactivate with Ctrl-A.
Something hits you! Something burns you.
You barely miss something.
An orc comes into view.
It is wielding a +0 hand axe and quivering poisoned darts.
Something hits you! Something burns you.
You miss something.
The orc shouts!
You hear a shout!
Something hits you. Something burns you.
You closely miss something. You headbutt something! Something hits you!
Something burns you.
You sock something! Something hits you. Something burns you.
You sock something! Your headbutt misses something. Something hits you!
Something burns you.
* * * LOW HITPOINT WARNING * * *
The orc throws a poisoned dart.
The poisoned dart hits you!
You are poisoned.
You hit something.
You feel sick. Something hits you.
* * * LOW HITPOINT WARNING * * *
Something burns you.
* * * LOW HITPOINT WARNING * * *
The orc throws a poisoned dart.
The poisoned dart hits you!
You are more poisoned.
You hit something. Your headbutt misses something.
* * * LOW HITPOINT WARNING * * *
You feel very sick. Something hits you!
* * * LOW HITPOINT WARNING * * *
Something burns you.
* * * LOW HITPOINT WARNING * * *
The orc throws a poisoned dart.
You block the poisoned dart.
Unknown command.
You miss something. Your headbutt misses something.
* * * LOW HITPOINT WARNING * * *
You feel sick. Something hits you but does no damage.
The orc throws a poisoned dart.
You block the poisoned dart.
You sock something!
You die...

######............
#....8...........)
#.................
######.8.....8..###....
#...............# #....
#..........[....# #....
#.....8...∩...8## #....
#..............# ##...
+....{@..........# #...
#......8.....8.#.# #...
#........o.......#
######....8......#
#######..##.. ......
### #.. .g


You could see an orc.

Vanquished Creatures
  Sigmund (D:6)
  Duvessa (D:5)
  3 orc warriors (D:6)
  A sky beast (D:7)
  A black bear (D:5)
  An ogre (D:5)
  A necrophage (D:6)
  A phantom (D:6)
  3 bullfrogs
  A wyvern zombie (D:6)
  Dowan (D:5)
  A water moccasin skeleton (D:5)
  8 killer bees
  3 wights (D:8)
  2 howler monkeys
  2 bullfrog zombies
  An iron imp (D:4)
  A hound (D:6)
  A jelly (D:7)
  4 orc priests
  Jessica (D:2)
  A bullfrog skeleton (D:7)
  A killer bee zombie (D:7)
  A mummy (D:4)
  2 hound skeletons
  9 gnolls
  4 adders
  A shadow imp (D:7)
  A white imp (D:6)
  A worm (D:2)
  2 dart slugs
  17 orcs
  6 ball pythons
  4 bats
  3 endoplasms
  A giant cockroach (D:2)
  12 goblins
  7 hobgoblins
  6 jackals (D:1)
  6 quokkas
  3 frilled lizards
  A hobgoblin zombie (D:4)
  5 kobolds
  3 kobold zombies (D:4)
  4 rats
140 creatures vanquished.

Vanquished Creatures (others)
  2 demonic plants (D:2)
  9 toadstools (D:8)
11 creatures vanquished.

Grand Total: 151 creatures vanquished

Notes
Turn   | Place    | Note
-------+----------+-------------------------------------------
     0 | D:1      | boopmooplesden the Minotaur Fighter began the quest for the
                  | Orb.
     0 | D:1      | Reached XP level 1. HP: 19/19 MP: 0/0
   116 | D:1      | Reached XP level 2. HP: 23/27 MP: 1/1
   879 | D:2      | Reached XP level 3. HP: 33/33 MP: 2/2
   915 | D:2      | Found a faded altar of an unknown god.
   915 | D:2      | Noticed a balrug
   924 | D:2      | Reached skill level 3 in Maces & Flails
  1267 | D:2      | Noticed Jessica
  1286 | D:2      | Killed Jessica
  1287 | D:2      | Reached XP level 4. HP: 12/41 MP: 3/3
  1650 | D:2      | Reached skill level 4 in Maces & Flails
  2030 | D:3      | Reached XP level 5. HP: 43/47 MP: 4/4
  2263 | D:3      | Found Oloth's Weapon Shoppe.
  2702 | D:4      | Found a snail-covered altar of Cheibriados.
  2709 | D:4      | Reached skill level 5 in Maces & Flails
  2801 | D:4      | Found Mengeerph's Book Emporium.
  2907 | D:4      | Reached skill level 1 in Dodging
  3683 | D:5      | Entered Level 5 of the Dungeon
  3692 | D:5      | Reached XP level 6. HP: 53/53 MP: 5/5
  3911 | D:5      | Found a radiant altar of Vehumet.
  3990 | D:5      | Reached skill level 5 in Shields
  4154 | D:5      | Reached skill level 5 in Armour
  4314 | D:5      | Reached skill level 5 in Fighting
  4314 | D:5      | Reached skill level 6 in Maces & Flails
  4571 | D:5      | Noticed Duvessa
  4572 | D:5      | Noticed Dowan
  4579 | D:5      | Reached XP level 7. HP: 61/61 MP: 6/6
  4581 | D:5      | Killed Duvessa
  4589 | D:5      | Killed Dowan
  4590 | D:5      | Reached skill level 7 in Maces & Flails
  5523 | D:6      | Reached XP level 8. HP: 56/70 MP: 7/7
  5979 | D:6      | Noticed Sigmund
  5988 | D:6      | Killed Sigmund
  6264 | D:6      | Reached skill level 8 in Maces & Flails
  7572 | D:7      | Reached XP level 9. HP: 74/78 MP: 8/8
  7959 | D:7      | Reached skill level 9 in Maces & Flails
  7963 | D:7      | Found a staircase to the Ecumenical Temple.
  7968 | Temple   | Entered the Ecumenical Temple
  7988 | Temple   | Became a worshipper of Warmaster Okawaru
  8141 | D:7      | Found a shadowy altar of Dithmenos.
  8184 | D:7      | Found Aghechel's General Store.
  9240 | D:8      | Noticed Erica
  9253 | D:8      | HP: 3/77 [something (1)]
  9254 | D:8      | HP: 1/77 [poisoned by an orc]
  9255 | D:8      | Succumbed to an orc's poison

Illustrated notes

Levels and vault maps discovered:
D:1:      wander_arrival_chamber, layout_loops_ring, minmay_misc_feat_ornament,
          minmay_indecisive_spiral
D:2:      minmay_alternating_diamond, layout_rooms,
          dreamdust_ecumenical_altar_sealed_demon, uniq_jessica
D:3:      layout_loops_ring, serial_shops, nicolae_diamond_shop
D:4:      cheibrodos_greedy_goblins, layout_cave_pods, slow_altar_1,
          serial_shops, nicolae_take_the_stairs, minmay_mini_ossuary
D:5:      layout_layer_cave, vehumet_altar_wand_db, uniq_duvessa
D:6:      layout_gridville, grunt_decor_junction, chequers_mini_garden,
          feat_on_display, uniq_sigmund
D:7:      layout_cave_pools, mainiacjoe_overflow_alcove_4, temple_doors_e,
          serial_shops, shop
D:8:      cheibrodos_fertilizer, layout_basic, enter_bailey_6, uniq_erica,
          uniq_joseph
Temple:   lightli_temple_of_artemis

Skill      XL: |  1  2  3  4  5  6  7  8  9 |
---------------+----------------------------+-----
Shields        | 4 5 6 7 8 |  8.0
Fighting       | 4 5 6 7 |  7.1
Maces & Flails | 3 4 5 6 7 8 9 |  9.0
Armour         | 4 5 6 7 |  7.9
Dodging        | 1 2 3 |  3.0
Stealth        | |  0.3
Evocations     | |  0.1

Action                   |  1- 3 |  4- 6 |  7- 9 || total
-------------------------+-------+-------+-------++-------
Melee: Flail             |    68 |   132 |   201 ||   401
       Headbutt          |     8 |    17 |    39 ||    64
Evoke: Wand              |       |     1 |       ||     1
  Use: Scroll            |       |     5 |     5 ||    10
       Potion            |       |     1 |     6 ||     7
Armor: Scale mail        |    36 |    15 |       ||    51
       Chain mail        |       |    33 |    83 ||   116
Dodge: Dodged            |    26 |    36 |    54 ||   116
Block: Kite shield       |    52 |    61 |   153 ||   266
